Map: Ephemeron LE

Players

Jason - Winner!

  • Race: Terran Terran
  • League: Grandmaster
  • Spawn Location: 11:00

Grinch

  • Race: Terran Terran
  • League: Master
  • Spawn Location: 5:00

VOD

Have the link to the VOD?

Description

Time

  • Played on: Feb. 10, 2020, 7:18 p.m.
  • Length: 9:53
Show
View Real Time Build Order
Export as new Build Order

Jason Terran - Winner!

Build Orders:  

Get SALT Encoding   

  12  0:01  SCV  
  13  0:13  SCV  
  14  0:18  Supply Depot  
  14  0:25  SCV  
  15  0:39  Refinery  
  15  0:40  SCV  
  16  0:45  Barracks  
  16  0:52  SCV  
  16  0:56  Refinery  
  17  1:04  SCV  
  18  1:16  SCV  
  19  1:32  Reaper, Orbital Command  
  20  1:40  Factory  
  20  1:49  Supply Depot  
  20  1:59  SCV  
  21  2:04  Reaper  
  22  2:11  SCV  
  23  2:25  Hellion  
  23  2:27  SCV  
  26  2:32  Command Center  
  26  2:38  Reaper, Supply Depot  
  26  2:44  SCV  
  27  3:00  Hellion  
  27  3:01  SCV  
  30  3:06  Starport  
  30  3:17  Barracks Tech Lab  
  30  3:20  SCV  
  30  3:23  Factory Tech Lab  
  30  3:32  SCV  
  31  3:43  Cyclone  
  31  3:44  SCV  
  31  3:47  Barracks Reactor  
  35  3:54  Orbital Command  
  35  3:56  Refinery, SCV  
  35  3:57  Raven  
  38  4:08  SCV  
  39  4:20  SCV x2  
  41  4:26  Marine x2  
  41  4:28  Siege Tank  
  41  4:30  Supply Depot  
  46  4:32  SCV x2  
  48  4:44  Marine x2, SCV x2  
  48  4:45  Raven  
  54  4:48  Command Center  
  54  4:56  SCV x2  
  56  5:00  Siege Tank  
  59  5:07  Refinery, Supply Depot  
  59  5:08  SCV x2  
  59  5:13  Marine x2  
  61  5:20  SCV  
  62  5:24  SCV  
  59  5:32  Siege Tank, SCV  
  63  5:36  SCV  
  63  5:39  Stimpack  
  63  5:41  Viking, Marine  
  67  5:43  Viking  
  67  5:47  SCV  
  70  5:51  Supply Depot  
  70  5:55  SCV  
  70  5:59  Marine  
  70  6:00  SCV  
  70  6:01  Supply Depot, Orbital Command  
  72  6:05  Siege Tank  
  72  6:08  SCV  
  76  6:13  Viking x2, SCV  
  76  6:17  Marine  
  82  6:23  SCV, Orbital Command  
  83  6:25  SCV  
  83  6:27  Barracks x2  
  84  6:35  SCV  
  84  6:38  Marine, Siege Tank, SCV  
  90  6:45  Viking x2  
  94  6:48  SCV  
  94  6:50  SCV x2  
  97  7:00  SCV  
  98  7:02  SCV  
  98  7:06  SCV  
  97  7:10  Siege Tank  
  97  7:12  SCV  
  101  7:17  Barracks Reactor  
  101  7:18  Barracks Reactor  
  101  7:22  Supply Depot  
  101  7:23  Viking x2, SCV x2  
  101  7:24  Supply Depot, SCV  
  101  7:27  Barracks  
  101  7:28  Barracks  
  106  7:42  Siege Tank  
  103  7:44  Marine  
  100  7:53  Viking x2  
  100  7:56  Marine x3  
  100  7:57  Marine  
  100  7:58  SCV x3  
  110  8:02  Marine  
  109  8:10  SCV  
  109  8:12  SCV x2  
  107  8:14  Marine x4, Siege Tank  
  107  8:19  Marine  
  111  8:21  Barracks Reactor x2  
  111  8:22  SCV  
  111  8:23  Viking  
  115  8:27  Refinery, Engineering Bay  
  115  8:29  Engineering Bay  
  115  8:32  Marine x4  
  115  8:33  Refinery  
  116  8:37  Marine  
  116  8:38  SCV x3  
  120  8:46  Siege Tank  
  123  8:50  Marine, SCV  
  125  8:55  Supply Depot x3  
  125  9:04  Supply Depot  
  125  9:05  Supply Depot  
  125  9:10  Marine x3  
  125  9:16  Marine  
  125  9:17  Marine x5  
  125  9:18  Siege Tank  
  125  9:19  Medivac  
  129  9:28  Marine  
Show
View Real Time Build Order
Export as new Build Order

Grinch Terran 

Build Orders: Mech 

Get SALT Encoding   

  12  0:00  SCV  
  13  0:13  SCV  
  14  0:17  Supply Depot  
  14  0:25  SCV  
  15  0:29  Refinery  
  15  0:38  SCV  
  16  0:44  Barracks  
  16  0:51  SCV  
  17  0:57  Refinery  
  17  1:03  SCV  
  18  1:16  SCV  
  19  1:32  Reaper  
  21  1:33  Orbital Command  
  21  1:38  Factory  
  20  1:47  Supply Depot  
  20  1:59  SCV  
  21  2:04  Reaper  
  22  2:11  SCV  
  23  2:23  SCV  
  23  2:26  Hellion  
  26  2:36  Command Center, SCV  
  27  2:39  Reaper  
  28  2:51  SCV  
  29  2:52  Supply Depot  
  29  3:03  Hellion, Starport  
  31  3:14  Reaper, SCV  
  31  3:25  Hellion  
  33  3:28  SCV  
  34  3:43  SCV  
  34  3:45  Starport Tech Lab  
  34  3:47  Hellion  
  38  3:48  Orbital Command  
  38  3:49  Barracks Reactor  
  37  3:58  SCV  
  38  4:03  Refinery  
  38  4:10  SCV  
  38  4:14  Starport Tech Lab, SCV  
  38  4:15  Cyclone  
  38  4:16  Mag-Field Accelerator  
  43  4:18  Supply Depot  
  43  4:22  SCV  
  44  4:26  Marine, SCV  
  44  4:27  Marine  
  47  4:34  Raven, SCV  
  51  4:38  SCV  
  51  4:43  Command Center  
  51  4:46  SCV  
  51  4:51  Cyclone  
  51  4:52  Marine x2  
  57  4:57  SCV  
  59  5:00  Supply Depot, SCV  
  59  5:09  Supply Depot, SCV  
  59  5:11  Refinery  
  59  5:13  SCV  
  61  5:21  Raven, SCV  
  61  5:23  Marine, Cyclone  
  64  5:30  SCV  
  64  5:33  SCV  
  65  5:45  SCV  
  65  5:49  Supply Depot  
  65  5:57  Orbital Command  
  65  5:58  Siege Tank  
  65  6:02  SCV  
  69  6:07  Factory  
  69  6:10  Factory, SCV  
  70  6:14  Viking x2  
  70  6:15  Infernal Pre-Igniter  
  74  6:18  Barracks Reactor  
  74  6:20  SCV, Orbital Command  
  75  6:28  SCV  
  76  6:34  Siege Tank  
  76  6:37  SCV  
  80  6:41  SCV  
  80  6:45  Refinery, SCV  
  81  6:52  Viking x2  
  84  6:56  SCV  
  84  6:58  Orbital Command  
  83  7:03  SCV  
  83  7:07  Siege Tank  
  83  7:08  Siege Tank, SCV  
  86  7:15  Command Center, SCV  
  87  7:20  SCV  
  87  7:24  SCV  
  87  7:28  SCV  
  86  7:32  SCV  
  86  7:33  Viking  
  86  7:34  Viking  
  86  7:36  SCV  
  92  7:42  SCV  
  86  7:44  SCV  
  86  7:48  SCV  
  78  7:54  SCV  
  78  7:56  Siege Tank x2, Hellion x2  
  89  7:59  SCV  
  88  8:06  SCV  
  88  8:11  SCV  
  88  8:14  SCV  
  88  8:17  Hellion  
  88  8:19  Hellion  
  74  8:23  SCV  
  69  8:28  Viking, Siege Tank x2  
  69  8:31  Marine  
  78  8:37  Viking  
  80  8:42  Hellion  
  80  8:43  Hellion, SCV  
  80  8:44  Supply Depot  
  80  8:45  Supply Depot  
  80  8:47  Supply Depot  
  85  8:48  Marine  
  84  8:58  Viking  
  84  8:59  Orbital Command  
  84  9:00  Siege Tank, Armory  
  89  9:05  Hellion  
  89  9:07  Viking  
  93  9:13  SCV  
  90  9:23  SCV  
  76  9:25  Hellion  
  82  9:31  SCV  
  82  9:36  SCV  
Tags
 
Composition
Mech
Matchup
TvT
Player
Jason
Race
Terran
Spawn Locations
Cross Positions
Add a new tag
Caveats
  • Supply blocks, unpowered buildings, or Contaminate may cause inaccurate times.
  • Supply counts are checked every 10 seconds.